Cogmind - Beta 14 @@@ ROGUE MODE // 2024.11.06 @ 14:48:20 Player: CalibroHawk Result: Core destroyed Performance ------------- Evolutions (2) 1000 Regions Visited (5) 1000 Robots Destroyed (21) 105 Value Destroyed (580) 580 Prototype IDs (0) 0 Alien Tech Used (0) 0 Bonus (25) 25 TOTAL SCORE: 2710 Bonus ------- Follower Combat Kills 25 Cogmind --------- Core Integrity 0/550 Matter 252/300 Energy 142/160 System Corruption 7% Temperature Critical (657) Movement Walking (190) Ox1 Location -8/Materials Parts ------- > --- POWER (1) -------- Light Nuclear Core > --- PROPULSION (4) --- Aluminum Leg > --- UTILITY (3) ------ Small Storage Unit Targeting Computer Transmission Jammer > --- WEAPON (3) ------- Particle Gun Particle Gun Particle Gun > --- INVENTORY (8) ---- Improved Deuterium Engine Improved Deuterium Engine Disposable Heat Sink Medium Storage Unit Weight Redist. System Targeting Computer Transmission Jammer Peak State ------------ > --- POWER ------------ Light Nuclear Core > --- PROPULSION ------- Aluminum Leg Aluminum Leg > --- UTILITY ---------- Small Storage Unit Targeting Computer Transmission Jammer > --- WEAPON ----------- Particle Gun Particle Gun Particle Gun > --- INVENTORY -------- Improved Deuterium Engine Improved Deuterium Engine Disposable Heat Sink Medium Storage Unit Weight Redist. System Targeting Computer [Rating: 18] Favorites ----------- Power Light Ion Engine Engine Light Ion Engine Power Core Light Nuclear Core Propulsion Aluminum Leg Leg Aluminum Leg Wheel Wheel Utility Small Storage Unit Device Transmission Jammer Storage Small Storage Unit Processor Signal Interpreter Weapon Assault Rifle Energy Gun Particle Gun Ballistic Gun Assault Rifle Launcher Grenade Launcher Build | -11 -10 -10 -9 -9 -8 ------- Run | Yrd Mat Min Mat Min Mat Slots Evolved 4 | . . . 2 . 2 Power . | . . . . . . Propulsion 2 | . . . 1 . 1 Utility 1 | . . . 1 . . Weapon 1 | . . . . . 1 Parts Attached 29 | 7 2 . 1 . 19 Power 4 | 1 1 . . . 2 Engine 3 | 1 1 . . . 1 Core 1 | . . . . . 1 Reactor . | . . . . . . Propulsion 10 | 2 . . . . 8 Treads . | . . . . . . Leg 6 | 2 . . . . 4 Wheel 4 | . . . . . 4 Hover . | . . . . . . Flight . | . . . . . . Utility 5 | 2 1 . 1 . 1 Device 1 | . . . . . 1 Storage 2 | 2 . . . . . Processor 2 | . 1 . 1 . . Hackware . | . . . . . . Protection . | . . . . . . Artifact . | . . . . . . Weapon 10 | 2 . . . . 8 Energy Gun 5 | . . . . . 5 Energy Cannon . | . . . . . . Ballistic Gun 4 | 2 . . . . 2 Ballistic Cannon . | . . . . . . Launcher 1 | . . . . . 1 Special Weapon . | . . . . . . Impact Weapon . | . . . . . . Slashing Weapon . | . . . . . . Piercing Weapon . | . . . . . . Special Melee Weapon . | . . . . . . Unidentified Prototypes . | . . . . . . Parts Lost 16 | . 1 . . . 15 Power 3 | . 1 . . . 2 Propulsion 7 | . . . . . 7 Utility . | . . . . . . Weapon 6 | . . . . . 6 Highest Loss Streak 10 | . 1 . . . 10 To Critical Strikes . | . . . . . . Average Slot Usage (%) 87 | . 99 100 87 88 80 Engine 8 | . 13 14 11 11 4 Leg 17 | . 28 28 22 22 8 Wheel 7 | . . . . . 16 Storage 12 | . 21 14 11 11 9 Processor 15 | . 7 14 21 22 16 Energy Gun 4 | . . . . . 9 Ballistic Gun 19 | . 28 28 22 22 12 Peak Build Rating 18 | 7 7 7 8 8 18 Average Rating 8 | 5 6 7 7 8 11 On Entrance 6 | . 7 7 7 8 8 Naked Turns . | . . . . . . Heaviest Build 20 | 16 16 11 11 11 20 Greatest Support 46 | 20 20 20 20 20 46 Greatest Overweight (x) 1 | . . . . . 1 Average Overweight (x) . | . . . . . . Largest Inventory Capacity 8 | 8 8 8 8 8 8 Average Capacity 7 | 7 8 8 8 8 8 Most Carried 8 | 8 8 8 8 8 8 Average Carried 6 | 4 7 8 7 8 5 Final Capacity 8 | 8 8 8 8 8 8 Final Carried 8 | 8 8 8 8 8 7 Class Distribution -------------------- 71% | Mutant 16% | Gunner 9% | Scavenger-Gunner Dominant Class ---------------- Mutant | -10/Materials Mutant | -10/Mines Mutant | -9/Materials Mutant | -9/Mines Gunner | -8/Materials Resources | -11 -10 -10 -9 -9 -8 ----------- Run | Yrd Mat Min Mat Min Mat Matter Collected 639 | 298 91 . 14 . 236 Remotely . | . . . . . . Salvage Created 641 | 124 128 . . . 389 Parts 34 | 6 5 . . . 23 Haulers Intercepted . | . . . . . . Recyclers Shooed 3 | 2 . . . . 1 Parts Field Recycled . | . . . . . . Retrieved Matter . | . . . . . . Parts Self-Destructed . | . . . . . . Prevented . | . . . . . . Kills | -11 -10 -10 -9 -9 -8 ------- Run | Yrd Mat Min Mat Min Mat Combat Hostiles Destroyed 19 | . 5 . . . 14 Guns 18 | . 5 . . . 13 AOE 1 | . . . . . 1 Classes Destroyed 5 | 2 2 . . . 1 Tunneler 1 | 1 . . . . . Recycler 1 | 1 . . . . . Swarmer 8 | . 3 . . . 5 Grunt 9 | . 2 . . . 7 Sentry 2 | . . . . . 2 Best Kill Streak 4 | 1 3 . . . 4 Combat Bots Only 4 | . 3 . . . 4 Max Kills in Single Turn 1 | 1 1 . . . 1 Gunslinging . | . . . . . . Exploded 1 | . . . . . 1 Melee . | . . . . . . Uniques/NPCs Destroyed . | . . . . . . Combat | -11 -10 -10 -9 -9 -8 -------- Run | Yrd Mat Min Mat Min Mat Hostile Shots Fired 204 | . 30 . 20 . 154 Missed 65 | . 7 . 13 . 45 Damage Taken 2309 | . 199 . 83 . 2027 Core 655 | . 23 . . . 632 Absorbed by Shields . | . . . . . . Core Remaining (%) 96 | 100 . 90 . 100 . Volleys Fired 79 | 7 19 . 1 . 52 Largest 3 | 2 2 . 2 . 3 Hottest 195 | 40 40 . 40 . 195 Shots Fired 160 | 14 38 . 2 . 106 Gun 155 | 14 38 . 2 . 101 Cannon . | . . . . . . Launcher 5 | . . . . . 5 Special . | . . . . . . Kinetic 90 | 14 38 . 2 . 36 Thermal 65 | . . . . . 65 Explosive 5 | . . . . . 5 Electromagnetic . | . . . . . . Robot Hit Streak 14 | 3 10 . 1 . 14 Robot Miss Streak 6 | 1 6 . 1 . 5 Penetration Max . | . . . . . . Secondary Targets 2 | . . . . . 2 Max Gunslinging Chain 1 | . . . . . 1 Shots Hit Robots 102 | 9 19 . 1 . 73 Core Hits 50 | 3 7 . 1 . 39 Critical Kills . | . . . . . . Critical Parts Destroyed . | . . . . . . Critical Strikes 1 | . . . . . 1 Burn 1 | . . . . . 1 Melee Attacks . | . . . . . . Impact . | . . . . . . Slashing . | . . . . . . Piercing . | . . . . . . Sneak Attacks . | . . . . . . Combat Hostiles . | . . . . . . Follow-up Attacks . | . . . . . . Damage Inflicted 1430 | 96 200 1 16 4 1113 Guns 1269 | 96 200 . 7 . 966 Cannons . | . . . . . . Explosions 131 | . . . . . 131 Melee . | . . . . . . Ramming 30 | . . 1 9 4 16 Kinetic 605 | 96 200 . 7 . 302 Thermal 664 | . . . . . 664 Explosive 131 | . . . . . 131 Electromagnetic . | . . . . . . Impact . | . . . . . . Slashing . | . . . . . . Piercing . | . . . . . . Highest Corruption 7 | . . . . . 7 Average Corruption 6 | . . . . . 6 Corruption Purged . | . . . . . . Corruption Blocked . | . . . . . . Effects 11 | . . . . . 11 Message Errors 2 | . . . . . 2 Matter Fused 4 | . . . . . 4 Energy Discharges 2 | . . . . . 2 Data Loss (minor) 2 | . . . . . 2 Alerts 1 | . . . . . 1 Overload Shots . | . . . . . . Overflow Damage . | . . . . . . Projectiles . | . . . . . . Explosions . | . . . . . . Melee . | . . . . . . Knockbacks . | . . . . . . Impact . | . . . . . . Kinetic . | . . . . . . Secondary . | . . . . . . Self-Inflicted Damage 28 | . . . . . 28 Shots 2 | . . . . . 2 Rammed . | . . . . . . Targets Rammed 8 | . . 1 2 1 4 Kicked 8 | . . 1 2 1 4 Crushed . | . . . . . . Highest Temperature 657 | . 12 . . . 657 Average Temperature 160 | . 6 . . . 167 Received Heat Transfer 957 | . 48 . 36 . 873 Effects 17 | . . . . . 17 Shutdowns 2 | . . . . . 2 Energy Bleed 2 | . . . . . 2 Interference 9 | . . . . . 9 Matter Decay 1 | . . . . . 1 Short Circuit 1 | . . . . . 1 Damage (minor) 1 | . . . . . 1 Damage (core) 1 | . . . . . 1 Siege Activations . | . . . . . . Robots Corrupted . | . . . . . . Combat Hostiles . | . . . . . . Parts Fried . | . . . . . . Impact Corruptions . | . . . . . . Robots Melted . | . . . . . . Combat Hostiles . | . . . . . . Parts Melted . | . . . . . . Heat Transferred 1437 | . . . . . 1437 Parts Sabotaged . | . . . . . . Parts Stolen . | . . . . . . Parts Stripped . | . . . . . . Power Chain Reactions . | . . . . . . Alert | -11 -10 -10 -9 -9 -8 ------- Run | Yrd Mat Min Mat Min Mat Peak Influence 171 | 10 131 51 61 23 171 Initial 51 | . 6 51 19 23 8 Average 52 | 4 67 51 25 23 75 Maximum Alert Level . | . . . . . . Low Security (%) 100 | 100 100 100 100 100 100 Level 1 . | . . . . . . Level 2 . | . . . . . . Level 3 . | . . . . . . Level 4 . | . . . . . . Level 5 . | . . . . . . High Security . | . . . . . . Max Security . | . . . . . . Squads Dispatched 5 | . 1 . 1 . 3 Investigation . | . . . . . . Extermination . | . . . . . . Reinforcement 5 | . 1 . 1 . 3 Assault . | . . . . . . Garrison . | . . . . . . Intercept . | . . . . . . Searches Triggered . | . . . . . . Construction Impeded 1 | . . . . . 1 Haulers Reinforced . | . . . . . . Active Scanning Responses . | . . . . . . Cargo Convoy Interrupts . | . . . . . . Stealth | -11 -10 -10 -9 -9 -8 --------- Run | Yrd Mat Min Mat Min Mat Distress Signals 3 | . 2 . . . 1 Communications Jammed 22 | . . . . . 22 Distress Signals 22 | . . . . . 22 Times Spotted 40 | . 8 . 9 . 23 Peak Tracking Total 8 | . 4 . 7 . 8 Tactical Retreats 1 | . . . . . 1 Traps | -11 -10 -10 -9 -9 -8 ------- Run | Yrd Mat Min Mat Min Mat Traps Triggered 1 | . . . . . 1 Indirectly . | . . . . . . Trap Hack Attempts . | . . . . . . Triggered . | . . . . . . Disarmed . | . . . . . . Reprogrammed . | . . . . . . Reused . | . . . . . . Traps Extracted . | . . . . . . Installed . | . . . . . . Triggered . | . . . . . . Machines | -11 -10 -10 -9 -9 -8 ---------- Run | Yrd Mat Min Mat Min Mat Machines Disabled . | . . . . . . Max in Single Turn . | . . . . . . Machines Repaired . | . . . . . . Machines Dismantled . | . . . . . . Machines Sabotaged . | . . . . . . Overloaded Fab Kills . | . . . . . . Hacking | -11 -10 -10 -9 -9 -8 --------- Run | Yrd Mat Min Mat Min Mat Machines Accessed 1 | . . . . . 1 Terminals 1 | . . . . . 1 Fabricators . | . . . . . . Repair Stations . | . . . . . . Recycling Units . | . . . . . . Scanalyzers . | . . . . . . Garrison Access . | . . . . . . Total Hacks 1 | . . . . . 1 Successful 1 | . . . . . 1 Failed . | . . . . . . Catastrophic . | . . . . . . Database Lockouts . | . . . . . . Manual . | . . . . . . Terminals 1 | . . . . . 1 Fabricators . | . . . . . . Repair Stations . | . . . . . . Recycling Units . | . . . . . . Scanalyzers . | . . . . . . Garrison Access . | . . . . . . Terminal Hacks 1 | . . . . . 1 Record 1 | . . . . . 1 Fabricator Hacks . | . . . . . . Repair Station Hacks . | . . . . . . Recycling Unit Hacks . | . . . . . . Scanalyzer . | . . . . . . Garrison Access Hacks . | . . . . . . Unauthorized Hacks . | . . . . . . Terminals . | . . . . . . Fabricators . | . . . . . . Repair Stations . | . . . . . . Recycling Units . | . . . . . . Scanalyzers . | . . . . . . Garrison Access . | . . . . . . Data Cores Recovered . | . . . . . . Used . | . . . . . . Hacking Detections 1 | . . . . . 1 Full Trace Events . | . . . . . . Feedback Events . | . . . . . . Feedback Blocked . | . . . . . . Robot Schematics Acquired . | . . . . . . Robots Built . | . . . . . . Authchips . | . . . . . . Time . | . . . . . . Total Robot Build Rating . | . . . . . . Part Schematics Acquired . | . . . . . . Parts Built . | . . . . . . Authchips . | . . . . . . Time . | . . . . . . Total Part Build Rating . | . . . . . . Parts Repaired . | . . . . . . Time . | . . . . . . Parts Recycled . | . . . . . . Recycled Matter . | . . . . . . Retrieved Matter . | . . . . . . Retrieved Components . | . . . . . . Parts Scanalyzed . | . . . . . . Part Schematics Acquired . | . . . . . . Parts Damaged . | . . . . . . Bothacking | -11 -10 -10 -9 -9 -8 ------------ Run | Yrd Mat Min Mat Min Mat Used RIF Installer . | . . . . . . Robots Hacked . | . . . . . . Non-combat . | . . . . . . Combat . | . . . . . . Robot Hacks Applied . | . . . . . . Relay Couplers Released . | . . . . . . Fabnet Peak Effective % . | . . . . . . Robots Rewired . | . . . . . . Allies Hacked . | . . . . . . Hacks Repelled . | . . . . . . Allies | -11 -10 -10 -9 -9 -8 -------- Run | Yrd Mat Min Mat Min Mat Total Allies 2 | . . 2 . . . Largest Group 2 | . . 2 2 . . Highest-Rated Group 43 | . . 43 43 . . Highest-Rated Ally 31 | . . 31 31 . . Total Orders . | . . . . . . Ally Attacks 6 | . . . 6 . . Total Damage 83 | . . . 83 . . Kills 1 | . . . 1 . . Allies Corrupted . | . . . . . . Allies Melted . | . . . . . . Intel | -11 -10 -10 -9 -9 -8 ------- Run | Yrd Mat Min Mat Min Mat Robot Analysis Total . | . . . . . . Derelict Logs Recovered . | . . . . . . Drone Launches . | . . . . . . Drone Recoveries . | . . . . . . Exploration | -11 -10 -10 -9 -9 -8 ------------- Run | Yrd Mat Min Mat Min Mat Turns Passed 1286 | 132 239 70 281 41 523 Spaces Moved 880 | 80 150 58 228 34 330 Core 8 | 8 . . . . . Treads . | . . . . . . Legs 657 | 72 150 58 228 34 115 Wheels 215 | . . . . . 215 Hover . | . . . . . . Flight . | . . . . . . Fastest Speed 50 | 50 120 120 120 120 85 Average Speed 111 | 113 120 120 120 120 98 Slowest Speed 200 | 120 120 120 120 120 200 Overloaded Moves . | . . . . . . Propulsion Burnouts . | . . . . . . Robots Hopped . | . . . . . . Cave-ins Triggered 1 | . . . . . 1 Exploration Rate (%) 16 | 5 21 12 28 9 21 Regions Visited 5 Branch Regions 2 Pre-discovered Areas . | . . . . . . Known Exits Taken 4 | . 1 1 1 1 . Unknown Exits Taken 1 | 1 . . . . . Scrap Searched . | . . . . . . Spaces Dug . | . . . . . . Terrain Destroyed 32 | . . . . . 32 Melee . | . . . . . . Projectile . | . . . . . . AOE 32 | . . . . . 32 Terrain Rammed . | . . . . . . Walls Destroyed . | . . . . . . Machines Disabled . | . . . . . . Actions | -11 -10 -10 -9 -9 -8 --------- Run | Yrd Mat Min Mat Min Mat Total 1050 | 110 176 58 233 34 439 Wait 13 | . . . . . 13 Move 875 | 79 149 57 227 33 330 Hop . | . . . . . . Pick Up 38 | 16 3 . 1 . 18 Fast Attach 2 | . 1 . 1 . . Attach 25 | 7 1 . . . 17 Detach . | . . . . . . Swap 2 | . . . . . 2 Drop 8 | 1 3 . 1 . 3 Fire 79 | 7 19 . 1 . 52 Melee . | . . . . . . Ram . | . . . . . . Kick 8 | . . 1 2 1 4 Crush . | . . . . . . Escape Stasis . | . . . . . . Rewire . | . . . . . . Trap . | . . . . . . Miscellaneous . | . . . . . . Route ------- -11/Scrapyard -10/Materials -10/Mines -9/Materials (discovered 2 exits: *Min / [*Sto]) -9/Mines -8/Materials History --------- Turn | Location | Event 14 | -11/Scrapyard | Discovered new exit (range 15) 133 | -11/Scrapyard | Entered Materials 331 | -10/Materials | Build established: Mutant 360 | -10/Materials | Discovered new exit (range 9) 370 | -10/Materials | Identified exit to Mines 372 | -10/Materials | Entered Mines 407 | -10/Mines | Discovered new exit (range 7) 417 | -10/Mines | Identified exit to Materials 442 | -10/Mines | Entered Materials 442 | -9/Materials | Accompanied by 2 allies 442 | -9/Materials | Evolved 2 slots: Propulsion x1, Utility x1 447 | -9/Materials | Led the pair of lost Derelicts to an unsafe place 701 | -9/Materials | Discovered new exit (range 14) 711 | -9/Materials | Discovered new exit (range 10) 722 | -9/Materials | Identified exit to Mines 723 | -9/Materials | Entered Mines 752 | -9/Mines | Discovered new exit (range 9) 762 | -9/Mines | Identified exit to Materials 764 | -9/Mines | Entered Materials 764 | -8/Materials | Evolved 2 slots: Propulsion x1, Weapon x1 998 | -8/Materials | Crushed by falling debris 1037 | -8/Materials | Core integrity fell below 50% 1087 | -8/Materials | Lost 10 parts (1p4n5w) 1133 | -8/Materials | Core integrity fell below 20% 1288 | -8/Materials | Core destroyed Last Messages --------------- Analysis Suite. 01277_ K-01 Serf collects debris. 01278_ Power failure, Lgt. Nuclear Core shutdown. 01278_ Overheating: Matter decay (-28). 01279_ Overheating: System interference. 01279_ Particle Gun temporarily disabled. 01279_ Targeting Computer temporarily disabled. 01279_ Particle Gun temporarily disabled. 01280_ K-01 Serf collects debris. 01282_ Transmission Jammer broken. 01282_ Overheating: Short circuit. 01283_ Critical hit (Burn: +37). 01285_ Overheating: Lgt. Nuclear Core damaged (-5). 01285_ R-06 Scavenger collects Flight Unit. 01286_ Overheating: Energy bleed (-36). 01288_ Power failure, Lgt. Nuclear Core shutdown. 01288_ Overheating: Core damaged (-110). Map ----- +----------------------------------------------------+ | | | | | | | | | ?????????????????????????????????????????????????? | | ?????????????????????????????????????????????????? | | ?????????????????????????????????????????????????? | | ?????????????????????????????????????????????????? | | ?????????????????????????????????????????????????? | | ?????????????????????????????????????????????????? | | ?????????????????????????????????????????????????? | | ?????????????????????????????????????????????????? | | ?????????????????????????????????????????????????? | | ???????????????????#######???????????????????????? | | ???????????????????# ???????????????????????? | | ???????????????????# ## ???????????????????????? | | ???????????????????# ## #######??????????????????? | | ???????????????????# # % ###????????????????? | | ???????????????????### T ""#????????????????? | | ???????????????????# # ""#????????????????? | | ???????????????????# # T"#????????????????? | | ?????????????????????# ""#????????????????? | | ?????????????????????#""" ""#????????????????? | | ?????????????????????#""" #??????????????????? | | ?????????????????????#"""k== #??????????????????? | | ?????????????????????# [@%= #??????????????????? | | ?????????????# ??????#####g################??????? | | ?????????????# ???????##%=%[ ######## | | ?????????????# ######## ^ | | ?????????????# r ^ | | ?????????????# ^ ###### | | ?????????????#"" """ ###### """ | | ?????????????#"Y """ ## ^ """"" | | ?????????????#"" """ **## ^^ """"" | | ?????????????# " ! ## """"" | | ?????????????# ^ ! ## """ | | ?????????????# ####### ! ## | | ?????????????# """ #?????# !!## | | ?????????????# """ #?????###### % ####### | | ?????????????/ """ #+#??????#######+#######?? | | ?????????????# ?""" ?????????# #?? | | ?????????????#???? ?????????# #?# | | ????????????????? ?????????# #?# | | ???????????????? " ?????????# #?# | | ???????????????? " ?????????# #?? | | ??????????????? " ?????????# #?? | | ??????????????? ? ?????????###############?? | | ????????????????? ???????????????????????????? | | ????????????????????? ???????????????????????????? | | ?????????????????????????????????????????????????? | +----------------------------------------------------+ Best States ------------- Heat Dissipation 31 Energy Generation 14 Energy Capacity 250 Matter Stores 300 Matter Capacity 300 Sight Range 16 Terrain Scan Density 10 Jamming Range 12 Evasion (%) 55 Targeting Accuracy 5 Item Schematics ----------------- None Robot Schematics ------------------ None Fabricated ------------ Nothing Alien Tech Used ----------------- None Achievements -------------- Total Silence Challenges ------------ None Game ------ Seed WaveTitaniumWeb Manual? 0 Play Time 00:18:17 Cumulative 5.4 hours Start 2024.11.06 @ 14:31:03 End 2024.11.06 @ 14:48:20 Sessions 1 Manual Loads 0 Difficulty Rogue Special Mode None Game No. 13 Rogue 13 Adventurer 0 Explorer 0 Win Type - Total 0 Types 0/0/0/0/0/0/0/0/0 Lore% 2 Gallery% 13 Achievement% 12 Wizard Run 0 Options --------- Layout 1 ASCII 0 Keyboard 0 Movement Arrows Keybinds 0 Fullscreen 1 Font 24/Smallcaps Map View 50x35 Zoom Use 0% Tactical HUD 1 Map Filters NONE Filters NONE Steam 1 RUN: 54dd38b2-e490-4386-a46d-ba163f30616c